 Dungeon Crawl Stone Soup version 0.22-a0-571-g4a923d4 (webtiles) character file.

30 chorionicmirror the Skirmisher (level 3, -1/29 HPs)
             Began as a Demonspawn Abyssal Knight on July 1, 2018.
             Was a Follower of Lugonu.
             Slain by a worm (4 damage)
             ... on level 2 of the Dungeon.
             The game lasted 00:04:28 (779 turns).

chorionicmirror the Skirmisher (DsAK)                Turns: 779, Time: 00:04:29

Health: -1/29      AC:  5    Str: 13    XL:     3   Next: 3%
Magic:  0/5        EV: 10    Int: 13    God:    Lugonu [*.....]
Gold:   66         SH:  0    Dex: 12    Spells: 3/3 levels left

rFire    . . .     SeeInvis .   a - +1 short sword
rCold    . . .     Gourm    .   (no shield)
rNeg     + . .     Faith    .   f - +0 ring mail
rPois    .         Spirit   +   (no helmet)
rElec    .         Reflect  .   (no cloak)
rCorr    .         Harm     .   (no gloves)
MR       .....                  (no boots)
Stlth    +.........             (no amulet)
HPRegen  0.09/turn              j - ring of positive energy
MPRegen  0.09/turn              (no ring)

@: no status effects
A: magic shield
a: Depart the Abyss, Renounce Religion


You were on level 2 of the Dungeon.
You worshipped Lugonu.
Lugonu was aware of your devotion.
You were not hungry.

You visited 1 branch of the dungeon, and saw 2 of its levels.
You visited the Abyss 1 time.

You collected 66 gold pieces.

Inventory:

Hand Weapons
 a - a +1 short sword (weapon)
Missiles
 e - 18 sling bullets
Armour
 f - a +0 ring mail (worn)
Jewellery
 j - a ring of positive energy (left hand)
Scrolls
 d - a scroll of blinking
Comestibles
 b - a chunk of flesh
 c - 2 rations


   Skills:
 + Level 3.3 Fighting
 + Level 2.0 Short Blades
 - Level 2.0 Armour
 - Level 1.0 Dodging
 + Level 0.9 Stealth
 + Level 0.5 Spellcasting
 + Level 2.9 Invocations


You had 3 spell levels left.
You didn't know any spells.
Your spell library was empty.

Dungeon Overview and Level Annotations

Branches:
Dungeon (2/15)

Altars:


Innate Abilities, Weirdness & Mutations

When hurt, damage is shared between your health and your magic reserves.


Message History

The worm is moderately wounded.
You puncture the worm!
The worm is severely wounded.
The worm bites you.
* * * LOW HITPOINT WARNING * * *
You completely miss the worm.
The worm is severely wounded.
You hit the worm but do no damage.
The worm is severely wounded.
The worm bites you.
* * * LOW HITPOINT WARNING * * *
You hit the worm but do no damage.
The worm is severely wounded.
The worm closely misses you.
Your ring mail prevents you from hitting the worm.
The worm is heavily wounded.
You hit the worm.
The worm is severely wounded.
The worm bites you.
You die...

#...รท# #....#
#....# ####....#
#.......# #.##....#
. ... #....# #####..
...
...####....##.......
.....#####.....w@.#
.......<......#####
.....######..## ....
##<..#
...(#####..#.#
.......((..#.#
###.......#..
#....(..#..#
#..(....#...


You could see a worm.

Vanquished Creatures
  A dart slug (D:1)
  A giant cockroach (D:2)
  A goblin (D:1)
  4 hobgoblins
  2 jackals (D:1)
  6 kobolds
  A ball python (D:1)
  4 bats (D:1)
  4 frilled lizards
  3 rats
27 creatures vanquished.

Notes
Turn   | Place    | Note
-------+----------+-------------------------------------------
     0 | Abyss:1  | chorionicmirror the Demonspawn Abyssal Knight began the quest for the Orb.
     0 | Abyss:1  | Reached XP level 1. HP: 18/18 MP: 2/2
    62 | Abyss:1  | Noticed a large abomination
    63 | D:1      | Escaped the Abyss
    79 | D:1      | Reached skill level 1 in Dodging
   104 | D:1      | Reached * piety under Lugonu
   285 | D:1      | Gained mutation: When hurt, damage is shared between your health and your magic reserves. [demonic ancestry]
   285 | D:1      | Reached XP level 2. HP: 24/24 MP: 3/3
   764 | D:2      | Reached XP level 3. HP: 10/29 MP: 3/5
   779 | D:2      | Slain by a worm

Vault maps used:
D:1:      tarquinn_simple_flora_water_e
D:2:      first_ration, nicolae_qazlal_general_emergency

Skill      XL: |  1  2 |
---------------+-------+-----
Dodging        | 1 |  1.0
Armour         | 2 |  2.0
Short Blades   | 2 |  2.0
Fighting       | |  3.3
Stealth        | |  0.9
Spellcasting   | |  0.5
Invocations    | |  2.9

Action                   || total
-------------------------++-------
Melee: Short sword       ||   120
Invok: Depart the Abyss  ||     1
  Use: Scroll            ||     4
       Potion            ||     3
 Stab: Sleeping          ||     1
Armor: Leather armour    ||     3
       Ring mail         ||    44
Dodge: Dodged            ||   100

Table legend:
 A = Spawn XP
 B = Non-spawn XP
 C = Spawn XP percentage of total XP
 D = Spawn monster count
 E = Non-spawn monster count
 F = Spawn count percentage of total count
 G = Total turns spent on level
                    A         B        C        D         E        F      G
               +---------+---------+-------+---------+---------+-------+---------
         Total |       0 |      43 |   0.0 |       0 |      27 |   0.0 |   779
               +---------+---------+-------+---------+---------+-------+---------
           D:1 |       0 |      31 |   0.0 |       0 |      19 |   0.0 |   623
           D:2 |       0 |      12 |   0.0 |       0 |       8 |   0.0 |    93
               +---------+---------+-------+---------+---------+-------+---------
